Description

Hi. This is a build that i made with SCFusion to max out as fast as possible. This is not meant for multiplayer.

Ideally, at the 6 minute mark, you'll be maxed with about 20-30 drones and 8 queens in production. This is why the last 5 overlords are built simultaniously. You would want to spread those 5 overlords if you have to be finished producing for it to count. It will probably take about 6:10 to get there with all units being finished produced.

In summary, you're going to expand to 8 bases(with 1 macro hatchery) and mass produce drones from those hatcheries. The SCFusion build order probably doesn't count the transfer time, so a good player will probably finish this build order 15-20 seconds late. When i attempted this, i finished at 7 minutes, as seen in the replay.

Macro slup-ups happen, so if you've used up all your larvae but still have resources left and there is still some time untill the next wave of larvae pops, you should build queens.

Replay - 635 maxout

Build Order

Get SALT Encoding   

  13  0:12  Overlord  
  17  0:50  Hatchery  
  18  1:16  Hatchery  
  19  1:41  Hatchery  Macro Hatchery
  23  2:12  Hatchery  
  34  2:53  Spawning Pool  
  34  3:00  Hatchery  
  40  3:18  Overlord  
  41  3:25  Hatchery  
  44  3:33  Overlord  
  47  3:41  Queen  
  54  3:51  Queen  
  59  4:00  Hatchery  
  58  4:02  Overlord  
  60  4:07  Queen  
  62  4:09  Overlord  
  65  4:15  Queen x3  
  75  4:27  Queen  
  77  4:28  Overlord  
  82  4:34  Overlord  
  88  4:41  Overlord  
  106  4:56  Overlord  
  110  5:02  Overlord  
  113  5:08  Overlord  
  118  5:12  Overlord  
  136  5:24  Overlord  
  150  5:34  Overlord x5  
  160  5:54  Queen x8  
Spawning Tool Build Advisor. Get it on Overwolf

Go to:

Details

  • Created by: marre2795     
  • Published on: May 12, 2017
  • Modified on: May 12, 2017
  • Patch: 3.8.0
Show
View Real Time Build Order
Export as new Build Order

Comments (0)

There are no comments. Be the first!

Create an account to comment!